SAL
LAKEWOOD BLUECLAWS @ AUGUSTA GREENJACKETS
05/13/2099
 
TOP OF THE 1ST
Lakewood BlueClaws batting - Pitching for Augusta GreenJackets : LHP Brian Stewart
Pitching: LHP Brian Stewart
Batting: LHB Steve Lennon 0-0: Ball
1-0: Ball
2-0: Ball
3-0: Called Strike
3-1: DOUBLE (Line Drive, 7LS, EV 111.9 MPH)
Batting: RHB Tony Ayala 0-0: Fly out, F8 (Flyball, 78S, EV 87.5 MPH)
Batting: RHB Gaige Spicer 0-0: Ball
1-0: Ball
2-0: Fly out, F2 (Popup, 23F, EV 90.0 MPH)
Batting: RHB Danny Rodriguez 0-0: Ball
1-0: Foul Ball, location: 2F
1-1: Ball
2-1: Ball
3-1: Called Strike
3-2: Fly out, F7 (Flyball, 78M, EV 88.8 MPH)
Top of the 1st over - 0 runs, 1 hit, 0 errors, 1 left on base; Lakewood 0 - Augusta 0
BOTTOM OF THE 1ST
Augusta GreenJackets batting - Pitching for Lakewood BlueClaws : RHP Kyle Antonoff
Pitching: RHP Kyle Antonoff
Batting: RHB Matt Bobrick 0-0: Called Strike
0-1: Ball
1-1: Foul Ball, location: 3DF
1-2: Ball
2-2: Ground out 6-3 (Groundball, 56, EV 93.1 MPH)
Batting: SHB Jacob Carmer 0-0: Ball
1-0: Fly out, F6 (Line Drive, 6M, EV 68.8 MPH)
Batting: LHB Russ Sverdlov 0-0: Called Strike
0-1: Called Strike
0-2: Strikes out swinging
Bottom of the 1st over - 0 runs, 0 hits, 0 errors, 0 left on base; Lakewood 0 - Augusta 0
TOP OF THE 2ND
Lakewood BlueClaws batting - Pitching for Augusta GreenJackets : LHP Brian Stewart
Batting: LHB Chris Liesse 0-0: Ball
1-0: Ball
2-0: Called Strike
2-1: Swinging Strike
2-2: Strikes out swinging
Batting: RHB Zach Miles 0-0: Called Strike
0-1: Ball
1-1: Ball
2-1: Foul Ball, location: 2F
2-2: Ball
3-2: Foul Ball, location: 23F
3-2: SINGLE (Line Drive, 89S, EV 100.0 MPH)
Batting: LHB Guillermo Quiroz 0-0: Fly out, F7 (Flyball, 78S, EV 87.5 MPH)
Batting: RHB Brian Baumbach 0-0: Called Strike
Zach Miles is caught stealing 2nd base 2-4
Top of the 2nd over - 0 runs, 1 hit, 0 errors, 0 left on base; Lakewood 0 - Augusta 0
BOTTOM OF THE 2ND
Augusta GreenJackets batting - Pitching for Lakewood BlueClaws : RHP Kyle Antonoff
Batting: SHB Matt Russ 0-0: Ball
1-0: Foul Ball, location: 9LMF
1-1: Ball
2-1: Swinging Strike
2-2: Fly out, F8 (Flyball, 8LS, EV 93.1 MPH)
Batting: RHB Kevin Sides 0-0: Foul Ball, location: 25F
0-1: Ball
1-1: Foul Ball, location: 5F
1-2: Foul Ball, location: 2F
1-2: Ball
2-2: Ground out 5-3 (Groundball, 56, EV 104.4 MPH)
Batting: RHB Scott Clara 0-0: Fly out, F4 (Popup, 13, EV 87.5 MPH)
Bottom of the 2nd over - 0 runs, 0 hits, 0 errors, 0 left on base; Lakewood 0 - Augusta 0
TOP OF THE 3RD
Lakewood BlueClaws batting - Pitching for Augusta GreenJackets : LHP Brian Stewart
Batting: RHB Brian Baumbach 0-0: Called Strike
0-1: Ball
1-1: Ball
2-1: Foul Ball, location: 5FF
2-2: Foul Ball, location: 5FF
2-2: Fly out, F9 (Flyball, 9, EV 95.0 MPH)
Batting: LHB Joe Noga 0-0: Ball
1-0: Swinging Strike
1-1: Swinging Strike
1-2: SINGLE (Groundball, 56D, EV 98.8 MPH)
Batting: LHB Steve Lennon 0-0: Ball
1-0: SINGLE (Groundball, 3S, EV 71.3 MPH) (infield hit)
Joe Noga to second
Batting: RHB Tony Ayala 0-0: Foul Ball, location: 3F
0-1: Ball
1-1: Fielders Choice at 2nd, 6-4 (Groundball, 56, EV 102.5 MPH)
Joe Noga to third
Batting: RHB Gaige Spicer 0-0: Ball
1-0: Ball
2-0: Ball
3-0: Called Strike
3-1: Foul Ball, location: 3FF
3-2: Strikes out swinging
Top of the 3rd over - 0 runs, 2 hits, 0 errors, 2 left on base; Lakewood 0 - Augusta 0
BOTTOM OF THE 3RD
Augusta GreenJackets batting - Pitching for Lakewood BlueClaws : RHP Kyle Antonoff
Batting: RHB Ted Voeltner 0-0: Ball
1-0: Swinging Strike
1-1: Ball
2-1: Ground out 5-3 (Groundball, 5, EV 103.8 MPH)
Batting: RHB Antonio Rivera 0-0: Fly out, F8 (Flyball, 8LM, EV 86.9 MPH)
Batting: RHB Justin Wagner 0-0: Called Strike
0-1: Called Strike
0-2: Ball
1-2: Strikes out looking
Bottom of the 3rd over - 0 runs, 0 hits, 0 errors, 0 left on base; Lakewood 0 - Augusta 0
TOP OF THE 4TH
Lakewood BlueClaws batting - Pitching for Augusta GreenJackets : LHP Brian Stewart
Batting: RHB Danny Rodriguez 0-0: Called Strike
0-1: Ball
1-1: Ball
2-1: Ball
3-1: Called Strike
3-2: Foul Ball, location: 2F
3-2: Base on Balls
Batting: LHB Chris Liesse 0-0: Called Strike
0-1: Ball
1-1: Foul Ball, location: 2F
1-2: Ball
2-2: Ball
3-2: Strikes out swinging
Danny Rodriguez steals 2nd base
Batter strikes out.
Batting: RHB Zach Miles 0-0: Ball
1-0: Ball
2-0: Ball
3-0: Swinging Strike
3-1: Foul Ball, location: 2F
3-2: Foul Ball, location: 3FF
3-2: Strikes out swinging
Batting: LHB Guillermo Quiroz 0-0: Fly out, F8 (Flyball, 8RM, EV 89.4 MPH)
Top of the 4th over - 0 runs, 0 hits, 0 errors, 1 left on base; Lakewood 0 - Augusta 0
BOTTOM OF THE 4TH
Augusta GreenJackets batting - Pitching for Lakewood BlueClaws : RHP Kyle Antonoff
Batting: RHB Matt Bobrick 0-0: Called Strike
0-1: Ball
1-1: Foul Ball, location: 25F
1-2: Ball
2-2: Foul Ball, location: 9LDF
2-2: Strikes out swinging
Batting: SHB Jacob Carmer 0-0: Ground out 4-3 (Groundball, 4, EV 86.3 MPH)
Batting: LHB Russ Sverdlov 0-0: Swinging Strike
0-1: Ball
1-1: Ground out 4-3 (Groundball, 4, EV 106.9 MPH)
Bottom of the 4th over - 0 runs, 0 hits, 0 errors, 0 left on base; Lakewood 0 - Augusta 0
TOP OF THE 5TH
Lakewood BlueClaws batting - Pitching for Augusta GreenJackets : LHP Brian Stewart
Batting: RHB Brian Baumbach 0-0: Ball
1-0: Ball
2-0: Bunted foul
2-1: Swinging Strike
2-2: Strikes out looking
Batting: LHB Joe Noga 0-0: Ball
1-0: Foul Ball, location: 7LSF
1-1: Ground out 6-3 (Groundball, 4M, EV 99.4 MPH)
Batting: LHB Steve Lennon 0-0: SINGLE (Groundball, 6MS, EV 71.3 MPH) (infield hit)
Batting: RHB Tony Ayala 0-0: Foul Ball, location: 25F
0-1: Ball
Steve Lennon steals 2nd base
1-1: Swinging Strike
1-2: Ball
2-2: Foul Ball, location: 9LSF
2-2: Foul Ball, location: 9LDF
2-2: Ball
3-2: Strikes out swinging
Top of the 5th over - 0 runs, 1 hit, 0 errors, 1 left on base; Lakewood 0 - Augusta 0
BOTTOM OF THE 5TH
Augusta GreenJackets batting - Pitching for Lakewood BlueClaws : RHP Kyle Antonoff
Batting: SHB Matt Russ 0-0: Called Strike
0-1: Foul Ball, location: 7LSF
0-2: Strikes out swinging
Batting: RHB Kevin Sides 0-0: Called Strike
0-1: Ball
1-1: Foul Ball, location: 5F
1-2: Ball
2-2: Strikes out swinging
Batting: RHB Scott Clara 0-0: Ball
1-0: SOLO HOME RUN (Flyball, 7D, EV 99.4 MPH), Distance : 384 ft
Batting: RHB Ted Voeltner 0-0: Ball
1-0: Called Strike
1-1: Foul Ball, location: 9LMF
1-2: Strikes out swinging
Bottom of the 5th over - 1 run, 1 hit, 0 errors, 0 left on base; Lakewood 0 - Augusta 1
TOP OF THE 6TH
Lakewood BlueClaws batting - Pitching for Augusta GreenJackets : LHP Brian Stewart
Pitching: RHP Alexis Herrera
Batting: RHB Gaige Spicer 0-0: Ball
1-0: Called Strike
1-1: Ball
2-1: Fly out, F8 (Flyball, 8LXD, EV 79.4 MPH)
Batting: RHB Danny Rodriguez 0-0: Called Strike
0-1: Called Strike
0-2: Foul Ball, location: 2F
0-2: Ball
1-2: Ball
2-2: Ball
3-2: Strikes out swinging
Batting: LHB Chris Liesse 0-0: Fly out, F9 (Flyball, 9S, EV 90.0 MPH)
Top of the 6th over - 0 runs, 0 hits, 0 errors, 0 left on base; Lakewood 0 - Augusta 1
BOTTOM OF THE 6TH
Augusta GreenJackets batting - Pitching for Lakewood BlueClaws : RHP Kyle Antonoff
Batting: RHB Antonio Rivera 0-0: Ball
1-0: Swinging Strike
1-1: SINGLE (Groundball, 56S, EV 67.5 MPH) (infield hit)
Batting: RHB Justin Wagner 0-0: Called Strike
Antonio Rivera is caught stealing 2nd base 2-4
0-1: Ball
1-1: Foul Ball, location: 23FF
1-2: Fly out, F8 (Flyball, 8LM, EV 88.1 MPH)
Batting: RHB Matt Bobrick 0-0: Ball
1-0: Ball
2-0: Ball
3-0: Called Strike
3-1: Ground out 6-3 (Groundball, 6, EV 93.1 MPH)
Bottom of the 6th over - 0 runs, 1 hit, 0 errors, 0 left on base; Lakewood 0 - Augusta 1
TOP OF THE 7TH
Lakewood BlueClaws batting - Pitching for Augusta GreenJackets : RHP Alexis Herrera
Batting: RHB Zach Miles 0-0: Ball
1-0: Called Strike
1-1: Hit by Pitch
Batting: LHB Guillermo Quiroz 0-0: Ball
1-0: Ball
2-0: Ball
3-0: Base on Balls
Zach Miles to second
Batting: RHB Brian Baumbach 0-0: Called Strike
0-1: DOUBLE (Flyball, 9LD, EV 93.1 MPH)
Zach Miles scores
Guillermo Quiroz to third
Batting: LHB Joe Noga 0-0: Intentional Walk
Batting: LHB Steve Lennon 0-0: Ball
1-0: Swinging Strike
1-1: Grounds into fielders choice 4-2 (Groundball, 34, EV 107.5 MPH)
Brian Baumbach to third
Joe Noga to second
Batting: RHB Tony Ayala 0-0: Called Strike
0-1: Foul Ball, location: 23F
0-2: Ball
1-2: Ball
2-2: Ball
3-2: Strikes out swinging
Batting: RHB Gaige Spicer 0-0: Called Strike
0-1: Ball
1-1: Foul Ball, location: 2F
1-2: Ball
2-2: Ball
3-2: DOUBLE (Line Drive, 7LM, EV 108.8 MPH)
Brian Baumbach scores
Joe Noga scores
Steve Lennon to third
Steve Lennon scores
Pitching: RHP Ricky Sanchez
Batting: RHB Danny Rodriguez 0-0: Fly out, F8 (Flyball, 78XD, EV 105.0 MPH)
Top of the 7th over - 4 runs, 2 hits, 0 errors, 1 left on base; Lakewood 4 - Augusta 1
BOTTOM OF THE 7TH
Augusta GreenJackets batting - Pitching for Lakewood BlueClaws : RHP Kyle Antonoff
Batting: SHB Jacob Carmer 0-0: Ball
1-0: Called Strike
1-1: Swinging Strike
1-2: Strikes out swinging, 2-3 out at first.
Batting: LHB Russ Sverdlov 0-0: Ball
1-0: Ball
2-0: Called Strike
2-1: Ball
3-1: Foul Ball, location: 7LMF
3-2: Ground out U3 (Groundball, 3L, EV 80.0 MPH)
Batting: SHB Matt Russ 0-0: Ball
1-0: Called Strike
1-1: Foul Ball, location: 2LF
1-2: Strikes out swinging, 2-3 out at first.
Bottom of the 7th over - 0 runs, 0 hits, 0 errors, 0 left on base; Lakewood 4 - Augusta 1
TOP OF THE 8TH
Lakewood BlueClaws batting - Pitching for Augusta GreenJackets : RHP Ricky Sanchez
Batting: LHB Chris Liesse 0-0: Ball
1-0: Called Strike
1-1: Ground out U3 (Groundball, 3, EV 87.5 MPH)
Batting: RHB Zach Miles 0-0: Foul Ball, location: 3F
0-1: Foul Ball, location: 3DF
0-2: Strikes out swinging, 2-3 out at first.
Batting: LHB Guillermo Quiroz 0-0: Called Strike
0-1: SOLO HOME RUN (Line Drive, 78XD, EV 108.1 MPH), Distance : 438 ft
Batting: RHB Brian Baumbach 0-0: Foul Ball, location: 9LMF
0-1: Ball
1-1: Swinging Strike
1-2: Ball
2-2: DOUBLE (Flyball, 8RXD, EV 101.3 MPH)
Batting: LHB Joe Noga 0-0: Ball
1-0: Ball
2-0: Called Strike
2-1: Swinging Strike
2-2: Strikes out swinging
Top of the 8th over - 1 run, 2 hits, 0 errors, 1 left on base; Lakewood 5 - Augusta 1
BOTTOM OF THE 8TH
Augusta GreenJackets batting - Pitching for Lakewood BlueClaws : RHP Kyle Antonoff
Batting: RHB Kevin Sides 0-0: Ball
1-0: Ball
2-0: Called Strike
2-1: Ball
3-1: Base on Balls
Batting: RHB Scott Clara 0-0: Swinging Strike
0-1: Called Strike
0-2: Fly out, F9 (Flyball, 9, EV 90.6 MPH)
Batting: RHB Ted Voeltner 0-0: SINGLE (Groundball, 34D, EV 103.1 MPH)
Kevin Sides to second
Runner from 2nd tries for 3rd, SAFE, no throw by RF
Batting: RHB Antonio Rivera 0-0: Called Strike
0-1: Foul Ball, location: 3F
0-2: Foul Ball, location: 9LMF
0-2: Strikes out swinging
Batting: RHB Justin Wagner 0-0: Called Strike
0-1: Swinging Strike
0-2: Foul Ball, location: 5SF
0-2: Ball
1-2: Ball
2-2: Ball
3-2: Strikes out swinging
Bottom of the 8th over - 0 runs, 1 hit, 0 errors, 2 left on base; Lakewood 5 - Augusta 1
TOP OF THE 9TH
Lakewood BlueClaws batting - Pitching for Augusta GreenJackets : RHP Ricky Sanchez
Batting: LHB Steve Lennon 0-0: Ball
1-0: Swinging Strike
1-1: Swinging Strike
1-2: Ball
2-2: Ball
3-2: Strikes out looking
Batting: RHB Tony Ayala 0-0: SINGLE (Groundball, 6MD, EV 95.6 MPH)
Batting: RHB Gaige Spicer 0-0: Ball
1-0: Foul Ball, location: 9LDF
1-1: Ball
2-1: Ball
3-1: Foul Ball, location: 23F
3-2: Base on Balls
Tony Ayala to second
Batting: RHB Danny Rodriguez 0-0: Called Strike
0-1: Foul Ball, location: 9LSF
0-2: Strikes out swinging
Pitching: RHP Chip Herndon
Batting: LHB Chris Liesse 0-0: Swinging Strike
0-1: Called Strike
0-2: Foul Ball, location: 23F
0-2: Strikes out swinging
Top of the 9th over - 0 runs, 1 hit, 0 errors, 2 left on base; Lakewood 5 - Augusta 1
BOTTOM OF THE 9TH
Augusta GreenJackets batting - Pitching for Lakewood BlueClaws : RHP Kyle Antonoff
Batting: RHB Matt Bobrick 0-0: Ball
1-0: Foul Ball, location: 23F
1-1: Foul Ball, location: 9LSF
1-2: Foul Ball, location: 9LMF
1-2: Fly out, F9 (Flyball, 9D, EV 97.5 MPH)
Pinch Hitting: RHB Orlando Chavez 0-0: Ball
1-0: Ball
2-0: Ground out 4-3 (Groundball, 13, EV 84.4 MPH)
Batting: LHB Russ Sverdlov 0-0: Called Strike
0-1: Foul Ball, location: 9LSF
0-2: SINGLE (Line Drive, 5D, EV 98.1 MPH)
Pitching: LHP Alberto Arreola
Batting: SHB Matt Russ 0-0: Swinging Strike
0-1: Foul Ball, location: 2RF
Balk!
Russ Sverdlov to second
0-2: Ball
1-2: Ground out 6-3 (Groundball, 6, EV 105.6 MPH)
Bottom of the 9th over - 0 runs, 1 hit, 0 errors, 1 left on base; Lakewood 5 - Augusta 1
Monday, May 6th , 2024 - OOTP Baseball 24.11 Build 85